 Dungeon Crawl Stone Soup version 0.20-a0-1122-gb7cbeb9 (webtiles) character file.

34685 Rrauwl the Fencer (level 13, -2/107 HPs)
             Began as a Ghoul Fighter on May 15, 2017.
             Was the Champion of Okawaru.
             Slain by an eight-headed hydra (8 damage)
             ... on level 6 of the Lair of Beasts.
             The game lasted 01:01:08 (12655 turns).

Rrauwl the Fencer (Ghoul Fighter)                  Turns: 12655, Time: 01:01:09

Health: -2/107     AC: 21    Str: 29    XL:     13   Next: 79%
Magic:  27/27      EV: 16    Int:  4    God:    Okawaru [******]
Gold:   602        SH: 19    Dex: 12    Spells: 10/12 levels left

rFire    + + +     SeeInvis +   c - +9 flail "Dragonslayer" {elec, rF+ rC- Dex+2}
rCold    + . .     Gourm    .   I - +0 large shield
rNeg     + + +     Faith    .   h - +3 ring mail {rPois}
rPois    ∞         Spirit   .   O - +2 helmet {SInv}
rElec    .         Reflect  .   N - scarf {rC+ rF+}
rCorr    .         Harm     .   L - +2 pair of gloves of Suzud Zaici {rF+ Str+4}
MR       .....                  s - +2 pair of boots of Happiness {MP+9 Stlth+}
Stlth    +++.......             r - amulet of magic regeneration
Regen    0.0/turn               x - +3 ring of strength
MPRegen  0.3/turn               w - +3 ring of evasion

@: heroism, rotting
A: rotting body, claws 1, carnivore 3, cold resistance 1, negative energy
resistance 3, inhibited regeneration, torment resistance, unbreathing
a: Heroism, Finesse, Renounce Religion


You were on level 6 of the Lair of Beasts.
You worshipped Okawaru.
Okawaru was exalted by your worship.
You were not hungry.

You visited 3 branches of the dungeon, and saw 15 of its levels.

You collected 794 gold pieces.
You spent 192 gold pieces at shops.

Inventory:

Hand Weapons
 a - the +7 Singing Sword
   (You found it on level 4 of the Dungeon)
 b - a +1 hand crossbow of velocity
 c - the +9 flail "Dragonslayer" (weapon) {elec, rF+ rC- Dex+2}
   (You found it on level 6 of the Dungeon)

   Occasionally, upon striking a foe, it will discharge some electrical energy
   and cause terrible harm.
   It affects your dexterity (+2).
   It protects you from fire.
   It makes you vulnerable to cold.
 C - the +2 scimitar of Nuluti {vamp, +Fly Dex+7}
   (You found it on level 4 of the Lair of Beasts)

   It inflicts no extra harm, but heals its wielder when it wounds a living foe.
   It affects your dexterity (+7).
   It lets you fly.
Missiles
 l - 140 bolts
 m - 7 tomahawks of dispersal (quivered)
Armour
 h - a +3 ring mail of poison resistance (worn)
 s - the +2 pair of boots of Happiness (worn) {MP+9 Stlth+}
   (Okawaru gifted it to you on level 2 of the Lair of Beasts)

   It affects your magic capacity (+9).
   It makes you more stealthy.
 E - a scarf of cloud immunity
 I - a +0 large shield (worn)
 L - the +2 pair of gloves of Suzud Zaici (worn) {rF+ Str+4}
   (Okawaru gifted it to you on level 4 of the Lair of Beasts)

   It affects your strength (+4).
   It protects you from fire.
 N - a scarf of resistance (worn)
 O - a +2 helmet of see invisible (worn)
Jewellery
 r - an amulet of magic regeneration (around neck)
 w - a +3 ring of evasion (right hand)
 x - a +3 ring of strength (left hand)
Wands
 d - a wand of confusion (18/48)
 o - a wand of confusion (16/48)
 q - a wand of iceblast (8/15)
 t - a wand of lightning (6/15)
 y - a wand of acid (4/15)
 B - a wand of iceblast (7/15)
 G - a wand of disintegration (8/24)
 H - a wand of scattershot (7/9)
 Q - a wand of paralysis (5/24)
 S - a wand of polymorph (8/24)
Scrolls
 e - 7 scrolls of teleportation
 g - 4 scrolls of identify
 j - 3 scrolls of remove curse
 k - 3 scrolls of magic mapping
 n - a scroll of blinking
 p - a scroll of fog
 J - 2 scrolls of fear
Potions
 i - a potion of agility
 u - 3 potions of haste
 z - a potion of curing
 A - a potion of resistance
 D - 3 potions of flight
 K - a potion of heal wounds
Books
 f - a book of Party Tricks

   Spells                             Type                      Level
   a - Summon Butterflies             Summoning                    1
   b - Apportation                    Translocation                1
   c - Lesser Beckoning               Translocation                3
   d - Tukima's Dance                 Hexes                        3
   e - Alistair's Intoxication        Transmutation/Poison         5
   f - Invisibility                   Hexes                        6
 F - a book of Transfigurations

   Spells                             Type                      Level
   a - Irradiate                      Conjuration/Transmutation    5
   b - Statue Form                    Transmutation/Earth          6
   c - Hydra Form                     Transmutation                6
   d - Dragon Form                    Transmutation                7
 P - a book of Conjurations

   Spells                             Type                      Level
   a - Magic Dart                     Conjuration                  1
   b - Searing Ray                    Conjuration                  2
   c - Dazzling Spray                 Conjuration/Hexes            3
   d - Fulminant Prism                Conjuration/Hexes            4
   e - Force Lance                    Conjuration/Translocation    4
   f - Iskenderun's Mystic Blast      Conjuration                  4
 R - a book of Geomancy

   Spells                             Type                      Level
   a - Sandblast                      Earth                        1
   b - Passwall                       Transmutation/Earth          2
   c - Stone Arrow                    Conjuration/Earth            3
   d - Petrify                        Transmutation/Earth          4
   e - Lee's Rapid Deconstruction     Earth                        5
Comestibles
 v - 23 royal jellies
 M - 16 chunks of flesh


   Skills:
 + Level 8.2(13.2) Fighting
 + Level 15.0(20.0) Long Blades
 - Level 6.0(11.0) Crossbows
 - Level 6.0(11.0) Armour
 - Level 4.0(9.0) Dodging
 - Level 6.0(11.0) Shields
 - Level 8.2 Invocations
 - Level 4.0 Evocations


You had 10 spell levels left.
You knew the following spells:

 Your Spells              Type           Power        Failure   Level  Hunger
a - Apportation           Tloc           #.....       99%         1    ##.....
b - Summon Butterflies    Summ           #.......     99%         1    ##.....


Dungeon Overview and Level Annotations

Branches:
Dungeon (8/15)             Temple (1/1) D:7            Lair (6/6) D:8
 Shoals (0/4) Lair:4        Snake (0/4) Lair:2        Slime (0/5) Lair:5

Altars:
Ashenzari
Cheibriados
Dithmenos
Elyvilon
Fedhas
Gozag
Hepliaklqana
Kikubaaqudgha
Makhleb
Nemelex Xobeh
Okawaru
Qazlal
Ru
Sif Muna
Trog
Uskayaw
Vehumet
Wu Jian
Xom
Yredelemnul
Zin
The Shining One

Shops:
D:6 *   D:8 !

Annotations:
D:4 yrara's ghost, amateur DsFi


Innate Abilities, Weirdness & Mutations

Your body is rotting away.
You thrive on raw meat.
You are immune to poison.
You have sharp fingernails.
You are carnivorous and can eat meat at any time.
Your flesh is cold resistant. (rC+)
You are immune to negative energy. (rN+++)
You do not regenerate when monsters are visible.
You are immune to unholy pain and torment.
You can survive without breathing.


Message History

The eight-headed hydra bites you.
* * * LOW HITPOINT WARNING * * *
The eight-headed hydra misses you. The eight-headed hydra bites you.
* * * LOW HITPOINT WARNING * * *
The eight-headed hydra barely misses you.
The eight-headed hydra completely misses you.
You block the eight-headed hydra's attack.
The eight-headed hydra bites you!
* * * LOW HITPOINT WARNING * * *
You block the eight-headed hydra's attack.
Unknown command.
You thump the eight-headed hydra!
Lightning courses through the eight-headed hydra!
The eight-headed hydra is almost dead.
You block the black mamba's attack. x2; The eight-headed hydra misses you. x2
You block the eight-headed hydra's attack.
The eight-headed hydra bites you!
* * * LOW HITPOINT WARNING * * *
The eight-headed hydra bites you!
You die...

#............
P...........#
#..$........ #..........#
...........#### ## #
.............P..#.##.###
#......D................
#S@......## .###...
#.........# #..#
###.........## #..#
#............#####...
####.............##.##.P
##....P.."......P.##....#
#........................
##P.##..#................
########................


You could see an eight-headed hydra and a black mamba.

Vanquished Creatures
  Gastronok (Lair:1)
  4 hydras
  5 death yaks (Lair:6)
  Urug (Lair:4)
  The ghost of bezhaha the Unseen, a novice OpAr of Nemelex Xobeh (Lair:1)
  3 oklob plants (Lair:4)
  A manticore (Lair:6)
  2 merfolk sirens (Lair:4)
  7 elephants (Lair:6)
  5 black mambas
  5 spiny frogs
  A torpor snail (Lair:2)
  A rime drake (Lair:3)
  5 komodo dragons
  2 merfolk (Lair:4)
  A queen bee (Lair:3)
  A slime creature (Lair:5)
  6 hippogriffs
  5 blink frogs (Lair:6)
  3 wyverns (D:8)
  18 yaks
  A basilisk (Lair:4)
  2 steam dragons
  Edmund (D:6)
  Menkaure (D:7)
  2 nagas (Lair:2)
  7 water moccasins
  5 swamp worms (Lair:1)
  11 porcupines
  3 ice beasts
  A sky beast (D:7)
  An ogre (D:8)
  An orc warrior (D:6)
  A phantom (D:6)
  2 centaurs
  20 wolves
  22 crocodiles
  A big kobold (D:5)
  9 bullfrogs
  A wyvern zombie (D:6)
  8 scorpions
  24 killer bees (Lair:3)
  An electric eel (Lair:6)
  3 crimson imps
  4 jellies
  5 orc priests
  Crazy Yiuf (D:7)
  5 hounds
  4 orc wizards
  A bullfrog skeleton (D:8)
  Natasha (thrice) (D:3)
  2 iguanas (D:6)
  6 worker ants
  A killer bee zombie (D:7)
  2 howler monkey zombies
  2 worker ant zombies
  5 gnolls
  A howler monkey skeleton (D:4)
  10 adders
  3 shadow imps
  An adder zombie (D:5)
  2 adder skeletons
  16 worms
  2 dart slugs
  2 leopard geckos
  13 orcs
  14 bats
  8 giant cockroaches
  5 goblins
  6 hobgoblins
  7 jackals
  5 quokkas
  3 ball pythons
  7 frilled lizards
  28 kobolds
  A quokka skeleton (D:7)
  A quokka zombie (D:5)
  6 rats
  A fungus (Lair:1)
  4 plants (Lair:4)
393 creatures vanquished.

Vanquished Creatures (others)
  5 fungi
  11 plants
16 creatures vanquished.

Grand Total: 409 creatures vanquished

Notes
Turn   | Place    | Note
-------+----------+-------------------------------------------
     0 | D:1      | Rrauwl the Ghoul Fighter began the quest for the Orb.
     0 | D:1      | Reached XP level 1. HP: 19/19 MP: 0/0
   180 | D:1      | Reached XP level 2. HP: 18/26 MP: 1/1
   278 | D:1      | Reached skill level 2 in Long Blades
   362 | D:1      | Reached XP level 3. HP: 22/33 MP: 2/2
   435 | D:1      | Reached skill level 1 in Dodging
   943 | D:2      | Reached XP level 4. HP: 40/40 MP: 3/3
  1337 | D:3      | Reached XP level 5. HP: 11/44 MP: 4/4
  1384 | D:3      | Noticed Natasha
  1406 | D:3      | Killed Natasha
  1548 | D:3      | Noticed Natasha
  1550 | D:3      | Killed Natasha
  1550 | D:3      | Reached skill level 3 in Long Blades
  1587 | D:3      | Noticed Natasha
  1600 | D:3      | Killed Natasha
  1779 | D:3      | Reached XP level 6. HP: 49/53 MP: 5/5
  2130 | D:4      | Noticed yrara's ghost (amateur DsFi)
  2181 | D:3      | Reached skill level 5 in Fighting
  2660 | D:4      | Found an iron altar of Okawaru.
  2692 | D:4      | Became a worshipper of Warmaster Okawaru
  2759 | D:4      | Reached XP level 7. HP: 46/62 MP: 6/6
  2769 | D:4      | Reached skill level 4 in Long Blades
  3160 | D:5      | Entered Level 5 of the Dungeon
  3371 | D:5      | Reached skill level 5 in Long Blades
  3518 | D:5      | Reached XP level 8. HP: 71/71 MP: 7/7
  3528 | D:5      | Reached * piety under Okawaru
  4200 | D:6      | Reached skill level 6 in Long Blades
  4203 | D:6      | Reached skill level 1 in Invocations
  4305 | D:6      | Reached XP level 9. HP: 54/81 MP: 10/10
  4356 | D:6      | Found Iqell's General Store.
  4359 | D:6      | Bought a scroll of enchant weapon for 75 gold pieces
  4514 | D:6      | Noticed Edmund
  4525 | D:6      | Killed Edmund
  4525 | D:6      | Reached ** piety under Okawaru
  4525 | D:6      | Reached skill level 7 in Long Blades
  4525 | D:6      | Reached skill level 1 in Evocations
  4638 | D:6      | Got a fine flail
  4639 | D:6      | Identified the +9 flail "Dragonslayer" {elec, rF+ rC- Dex+2} (You found it on level 6 of the Dungeon)
  4961 | D:7      | Found a runed door.
  5105 | D:7      | Noticed Crazy Yiuf
  5109 | D:7      | Killed Crazy Yiuf
  5159 | D:7      | Noticed Menkaure
  5164 | D:7      | Killed Menkaure
  5702 | D:7      | Found a staircase to the Ecumenical Temple.
  5708 | Temple   | Entered the Ecumenical Temple
  6259 | D:8      | Reached skill level 8 in Long Blades
  6308 | D:8      | Noticed a komodo dragon
  6327 | D:8      | Reached *** piety under Okawaru
  6340 | D:8      | HP: 2/81 [wyvern (5)]
  6342 | D:8      | Received a gift from Okawaru
  6342 | D:8      | Reached XP level 10. HP: 2/88 MP: 12/12
  6351 | D:8      | Reached skill level 5 in Invocations
  6454 | D:8      | Found a staircase to the Lair.
  6553 | D:8      | Reached skill level 9 in Long Blades
  6579 | D:8      | Found Zeharus's Distillery.
  6585 | D:8      | Bought a potion of degeneration for 13 gold pieces
  6585 | D:8      | Bought a potion of mutation for 104 gold pieces
  6869 | Lair:1   | Entered Level 1 of the Lair of Beasts
  6870 | Lair:1   | Noticed Gastronok
  6886 | Lair:1   | Killed Gastronok
  6886 | Lair:1   | Reached **** piety under Okawaru
  6886 | Lair:1   | Reached skill level 10 in Long Blades
  6910 | Lair:1   | Noticed bezhaha's ghost (novice OpAr)
  6928 | Lair:1   | Killed bezhaha's ghost
  7078 | Lair:1   | Reached ***** piety under Okawaru
  7078 | Lair:1   | Reached XP level 11. HP: 83/94 MP: 16/16
  7994 | Lair:2   | Learned a level 1 spell: Apportation
  7996 | Lair:2   | Learned a level 1 spell: Summon Butterflies
  8186 | Lair:2   | Reached skill level 11 in Long Blades
  8193 | Lair:2   | Found a staircase to the Snake Pit.
  8305 | Lair:2   | Received a gift from Okawaru
  8306 | Lair:2   | Got a pair of brightly glowing boots {god gift}
  8312 | Lair:2   | Identified the +2 pair of boots of Happiness {MP+9 Stlth+} (Okawaru gifted it to you on level 2 of the Lair of Beasts)
  8554 | Lair:2   | Reached skill level 5 in Shields
  8582 | Lair:2   | Noticed a four-headed hydra
  8592 | Lair:2   | Killed a four-headed hydra
  8614 | Lair:2   | Noticed a five-headed hydra
  8622 | Lair:2   | Killed a five-headed hydra
  9147 | Lair:2   | Reached XP level 12. HP: 98/101 MP: 17/17
  9175 | Lair:2   | Reached skill level 12 in Long Blades
  9333 | Lair:3   | Reached skill level 5 in Armour
  9692 | Lair:3   | Noticed a five-headed hydra
  9705 | Lair:3   | Killed a five-headed hydra
  9705 | Lair:3   | Reached skill level 1 in Crossbows
 10152 | Lair:3   | Received a gift from Okawaru
 10210 | Lair:4   | Noticed Urug
 10452 | Lair:4   | Received a gift from Okawaru
 10453 | Lair:4   | Got a pair of crude gloves {god gift}
 10470 | Lair:4   | Killed Urug
 10471 | Lair:4   | Noticed a five-headed hydra
 10478 | Lair:4   | Killed a five-headed hydra
 10509 | Lair:4   | Reached skill level 13 in Long Blades
 10521 | Lair:4   | Identified the +2 pair of gloves of Suzud Zaici {rF+ Str+4} (Okawaru gifted it to you on level 4 of the Lair of Beasts)
 10631 | Lair:4   | Got a fine scimitar
 10632 | Lair:4   | Identified the +2 scimitar of Nuluti {vamp, +Fly Dex+7} (You found it on level 4 of the Lair of Beasts)
 10642 | Lair:4   | Found a staircase to the Shoals.
 11199 | Lair:4   | Reached skill level 5 in Crossbows
 11338 | Lair:5   | Reached XP level 13. HP: 107/107 MP: 18/18
 11619 | Lair:5   | Found a staircase to the Slime Pits.
 11693 | Lair:5   | Reached ****** piety under Okawaru
 11959 | Lair:6   | Entered Level 6 of the Lair of Beasts
 12060 | Lair:6   | Received a gift from Okawaru
 12060 | Lair:6   | Reached skill level 14 in Long Blades
 12429 | Lair:6   | Reached skill level 15 in Long Blades
 12655 | Lair:6   | Slain by an eight-headed hydra

Vault maps used:
D:1:      sevenhm_arrival_forest_fort_large_2
D:3:      kennysheep_generic_room_7, uniq_natasha
D:4:      old_forge, kennysheep_mini_moat, first_bread
D:5:      kennysheep_kobold_camp
D:6:      serial_shops, kennysheep_mini, sigmund_edmund_badplayer
D:7:      minmay_temple_entry_enclosed_plants, uniq_crazy_yiuf_cottage,
          uniq_menkaure
D:8:      erik_lair_dragon, serial_shops, shop
Temple:   regret_index_temple_sigil_plot
Lair:1:   worms_lemuel, uniq_gastronok
Lair:2:   guppyfry_snake_entry_island, infiniplex_staircase_pool_2
Lair:3:   beast_lair_carwin_1
Lair:4:   elwin_shoals_entry_stream, disabler_island, lemuel_fruit_fields,
          uniq_urug
Lair:5:   minmay_slime_entry_pillars, serial_bayou_shore_b, grunt_megastairs_1
Lair:6:   evilmike_catoblepas_cave, serial_bayou_shore_a

Skill      XL: |  1  2  3  4  5  6  7  8  9 10 11 12 13 |
---------------+----------------------------------------+-----
Long Blades    | 2 3 5 6 8 10 11 13 15 | 15.0
Dodging        | 1 2 3 4 |  4.0
Armour         | 3 4 6 |  6.0
Shields        | 3 6 |  6.0
Fighting       | 4 5 6 8 |  8.2
Invocations    | 3 4 8 |  8.2
Evocations     | 4 |  4.0
Crossbows      | 5 6 |  6.0

Action                   |  1- 3 |  4- 6 |  7- 9 | 10-12 | 13-15 || total
-------------------------+-------+-------+-------+-------+-------++-------
Melee: Long sword        |   134 |   253 |    58 |       |       ||   445
       Double sword      |       |       |   242 |   515 |   203 ||   960
       Flail             |       |       |       |    23 |    11 ||    34
 Fire: Hand crossbow     |       |       |       |    37 |     2 ||    39
Invok: Heroism           |       |       |     2 |    13 |     5 ||    20
       Finesse           |       |       |       |     1 |     1 ||     2
Evoke: Wand              |       |     2 |     1 |     5 |       ||     8
  Use: Scroll            |     9 |     1 |     6 |     6 |     2 ||    24
       Potion            |     1 |     5 |     2 |     2 |       ||    10
 Stab: Distracted        |       |       |       |     2 |       ||     2
  Eat: Chunk             |    11 |    21 |    39 |    87 |    22 ||   180
Armor: Scale mail        |    73 |    12 |       |       |       ||    85
       Ring mail         |       |   101 |   117 |   183 |    41 ||   442
Dodge: Dodged            |    38 |   103 |    96 |   157 |    78 ||   472
Block: Shield            |    64 |   144 |   111 |    10 |       ||   329
       Large shield      |       |       |       |   406 |   168 ||   574
       Rpst.: Long sword |     9 |    27 |    11 |       |       ||    47
       Double sword      |       |       |    13 |    47 |    17 ||    77
